Map: Acropolis LE

Players

playezvibe - Winner!

  • Race: Terran Terran
  • League: Bronze
  • Spawn Location: 11:00

dobis

  • Race: Protoss Protoss
  • League: Silver
  • Spawn Location: 5:00

VOD

Have the link to the VOD?

Description

Time

  • Played on: July 14, 2019, 6:15 p.m.
  • Length: 15:56
Show
View Real Time Build Order
Export as new Build Order

playezvibe Terran - Winner!

Build Orders:  

Get SALT Encoding   

  12  0:12  Supply Depot  
  12  0:19  Refinery  
  12  0:39  Barracks  
  12  0:48  Supply Depot  
  12  0:52  SCV  
  13  1:05  SCV  
  14  1:17  SCV  
  15  1:28  Reaper  
  15  1:29  SCV  
  17  1:44  Orbital Command  
  17  2:07  Barracks Reactor  
  17  2:14  SCV  
  18  2:26  SCV  
  19  2:38  SCV  
  20  2:50  Marine x2, SCV  
  23  3:03  SCV  
  24  3:08  Marine x2  
  26  3:16  Command Center  
  26  3:26  Marine x2  
  28  3:43  Bunker  
  28  3:44  Marine x2  
  30  3:49  SCV  
  31  4:01  SCV  
  32  4:13  SCV  
  33  4:23  Factory  
  33  4:25  SCV  
  34  4:37  SCV  
  35  4:41  Engineering Bay  
  35  4:47  Orbital Command  
  35  4:50  SCV  
  36  5:02  SCV  
  37  5:14  Terran Infantry Weapons Level 1, SCV  
  38  5:19  Refinery  
  38  5:26  SCV  
  39  5:30  Armory  
  39  5:37  Starport  
  39  5:38  SCV  
  40  5:44  SCV  
  41  5:57  SCV  
  42  6:00  Refinery  
  42  6:06  Refinery  
  42  6:07  SCV  
  42  6:09  SCV  
  44  6:19  SCV  
  44  6:21  SCV  
  46  6:31  SCV  
  47  6:33  SCV  
  48  6:43  SCV  
  48  6:45  SCV  
  50  6:49  Supply Depot  
  50  6:52  Terran Vehicle Weapons Level 1  
  50  6:55  SCV  
  50  6:56  Factory Tech Lab  
  50  6:57  SCV  
  52  7:01  Barracks  
  52  7:08  Starport Tech Lab, Terran Infantry Armor Level 1  
  52  7:09  SCV  
  52  7:12  Supply Depot  
  53  7:17  Smart Servos  
  53  7:21  SCV  
  54  7:33  SCV  
  54  7:35  Supply Depot  
  55  7:39  Cloaking Field  
  55  7:43  Banshee  
  58  7:58  Supply Depot  
  58  8:01  Siege Tank  
  61  8:17  Barracks Tech Lab  
  61  8:26  Banshee  
  64  8:27  Fusion Core  
  64  8:33  Siege Tank  
  67  8:46  Terran Ship Weapons Level 1  
  67  8:49  Barracks  
  67  8:59  Hyperflight Rotors, Marauder  
  67  9:00  Barracks  
  69  9:09  Banshee  
  72  9:20  Marauder  
  74  9:35  Supply Depot  
  74  9:42  Marauder  
  76  9:45  Barracks Tech Lab  
  76  9:47  Concussive Shells  
  76  9:52  Banshee  
  79  9:58  Supply Depot  
  79  9:59  Factory, Cyclone  
  82  10:03  Marauder  
  84  10:14  Command Center  
  84  10:19  Barracks Tech Lab  
  84  10:21  Supply Depot  
  84  10:23  Marauder  
  84  10:24  Marauder  
  88  10:31  Terran Infantry Weapons Level 2, Stimpack, Cyclone  
  88  10:35  Banshee  
  94  10:44  Marauder  
  94  10:46  Starport  
  96  10:58  Supply Depot  
  96  11:03  Cyclone  
  99  11:06  Marauder  
  99  11:10  Advanced Ballistics  
  101  11:21  Supply Depot  
  101  11:23  Factory Tech Lab  
  101  11:27  Marauder  
  103  11:35  Cyclone  
  103  11:38  Orbital Command  
  106  11:44  Supply Depot  
  106  11:48  Marauder  
  106  11:52  Marauder  
  110  12:06  Supply Depot  
  110  12:07  Cyclone  
  113  12:11  Starport Reactor  
  113  12:14  Marauder  
  115  12:29  Rapid Reignition System  
  115  12:31  Combat Shield  
  115  12:32  Supply Depot  
  115  12:35  Marauder  
  115  12:36  Marauder  
  119  12:39  Marine x2, Cyclone  
  124  12:47  Terran Infantry Armor Level 2  
  124  12:56  Marauder  
  124  12:57  Marine x2, Marauder  
  124  13:00  Supply Depot  
  115  13:10  Raven  
  115  13:11  Cyclone  
  120  13:15  Marine x2, Orbital Command  
  120  13:18  Marauder x2  
  126  13:33  Marine x2  
  128  13:40  Marauder  
  130  13:53  Raven  
  132  14:01  Marauder  
  137  14:13  Siege Tank  
  137  14:14  Refinery  
  137  14:25  SCV  
  137  14:30  Refinery  
  138  14:35  Raven  
  138  14:38  SCV  
  141  14:45  Siege Tank  
  141  14:50  SCV  
  130  15:02  SCV  
  75  15:14  SCV  
  75  15:18  Siege Tank  
  61  15:27  Marine x2  
Show
View Real Time Build Order
Export as new Build Order

dobis Protoss 

Build Orders: Double Forge 

Get SALT Encoding   

  12  0:01  Probe  
  13  0:13  Probe  
  14  0:18  Pylon  
  14  0:25  Probe  
  15  0:34  Probe  
  15  0:39  Gateway  
  16  0:43  Probe  
  17  0:51  Probe, Assimilator  
  17  0:56  Assimilator  
  18  1:03  Probe  
  19  1:12  Pylon  
  19  1:15  Probe  
  20  1:28  Cybernetics Core  
  20  1:31  Zealot  
  22  1:47  Warp Gate  
  22  1:52  Nexus  
  22  2:01  Pylon  
  22  2:04  Probe  
  23  2:18  Robotics Facility  
  23  2:22  Pylon  
  23  2:25  Probe  
  24  2:37  Probe  
  24  2:40  Stalker  
  27  2:57  Gateway  
  27  2:58  Gateway  
  27  3:07  Gateway  
  27  3:11  Observer  
  28  3:18  Probe  
  28  3:19  Probe  
  28  3:27  Probe x2  
  32  3:36  Probe  
  33  3:42  Immortal  
  33  3:47  Probe  
  38  3:48  Probe  
  39  3:57  Forge  
  39  4:04  Forge  
  39  4:07  Probe  
  39  4:08  Assimilator  
  39  4:09  Probe  
  39  4:16  Probe  
  41  4:17  Probe  
  43  4:25  Probe x2  
  45  4:35  Immortal  
  45  4:38  Probe  
  50  4:43  Protoss Ground Weapons Level 1  
  50  4:47  Stalker, Protoss Ground Armor Level 1  
  50  4:51  Stalker  
  54  4:56  Probe  
  54  4:57  Probe  
  56  5:03  Stalker  
  58  5:09  Probe x2  
  58  5:10  Pylon  
  58  5:14  Photon Cannon  
  60  5:20  Shield Battery  
  60  5:29  Stalker x2  
  60  5:31  Stalker  
  60  5:33  Probe x2  
  68  5:41  Pylon  
  68  5:47  Pylon  
  68  5:58  Pylon  
  68  6:00  Assimilator  
  68  6:01  Stargate  
  68  6:02  Pylon  
  68  6:04  Robotics Bay  
  68  6:07  Pylon  
  68  6:13  Immortal  
  68  6:15  Probe  
  68  6:16  Probe  
  74  6:21  Photon Cannon  
  74  6:27  Photon Cannon  
  74  6:34  Zealot  
  74  6:35  Zealot  
  74  6:36  Zealot  
  80  6:40  Zealot  
  82  6:51  Probe, Protoss Shields Level 1  
  82  6:52  Probe  
  82  6:53  Pylon  
  84  7:03  Twilight Council  
  84  7:04  Extended Thermal Lance  
  84  7:07  Photon Cannon  
  84  7:11  Colossus  
  84  7:12  Photon Cannon  
  90  7:31  Phoenix  
  92  7:39  Charge  
  92  7:55  Gateway  
  92  7:56  Phoenix, Gateway, Colossus  
  94  8:01  Protoss Ground Weapons Level 2  
  94  8:04  Gateway  
  100  8:17  Phoenix  
  100  8:24  Nexus  
  102  8:29  Pylon  
  102  8:36  Phoenix  
  102  8:48  Colossus  
  110  9:00  Phoenix  
  112  9:04  Stalker x2, Protoss Air Weapons Level 1  
  112  9:05  Stalker  
  118  9:11  Zealot  
  118  9:12  Zealot  
  118  9:14  Zealot  
  124  9:21  Zealot  
  124  9:22  Protoss Shields Level 2  
  126  9:38  Pylon  
  126  9:44  Pylon  
  126  9:49  Zealot  
  126  9:50  Zealot x2, Pylon  
  132  9:54  Observer  
  132  9:55  Stalker  
  132  9:57  Pylon  
  135  10:08  Probe  
  135  10:10  Probe  
  135  10:11  Probe  
  138  10:16  Probe  
  139  10:22  Probe, Assimilator  
  139  10:23  Probe, Assimilator  
  139  10:24  Colossus  
  139  10:25  Probe  
  142  10:29  Phoenix  
  142  10:35  Probe x2  
  150  10:37  Probe  
  153  10:46  Stalker  
  153  10:48  Zealot  
  153  10:49  Probe  
  158  10:51  Zealot  
  160  11:09  Void Ray  
  164  11:13  Protoss Ground Armor Level 2, Protoss Air Armor Level 1  
  164  11:15  Colossus  
  170  12:06  Pylon  
  170  12:07  Pylon  
  170  12:08  Pylon  
  170  12:10  Pylon  
  170  12:19  Void Ray  
  158  12:31  Observer  
  150  12:55  Void Ray  
  148  13:02  Probe  
  152  13:06  Probe x2  
  152  13:10  Probe  
  152  13:11  Colossus  
  155  13:18  Probe x2  
  158  13:20  Probe  
  165  13:30  Probe x2  
  165  13:32  Probe  
  168  13:35  Void Ray  
  172  13:42  Probe x2  
  172  13:45  Probe  
  175  13:54  Probe x2  
  177  13:59  Pylon  
  177  14:01  Pylon  
  176  14:02  Pylon  
  176  14:03  Zealot x3  
  176  14:04  Zealot x3, Pylon  
  188  14:23  Assimilator  
  188  14:27  Nexus  
  188  14:31  Zealot  
  188  14:32  Zealot x5  
  145  15:13  Zealot x4  
  145  15:14  Zealot x3  
Tags
 
Add a new tag
Caveats
  • Supply blocks, unpowered buildings, or Contaminate may cause inaccurate times.
  • Supply counts are checked every 10 seconds.